 Dungeon Crawl Stone Soup version 0.20-a0-629-gc37eb77 (webtiles) character file.

9884 Alarkh the Carver (level 11, -9/78 HPs)
             Began as a Mummy Necromancer on Feb 10, 2017.
             Was a High Priest of Okawaru.
             Killed by dispel undead
             ... invoked by Josephine
              (26 damage)
             ... on level 9 of the Dungeon.
             The game lasted 00:23:26 (12934 turns).

Alarkh the Carver (Mummy Necromancer)              Turns: 12934, Time: 00:23:26

Health: -9/78      AC: 17    Str: 12    XL:     11   Next: 28%
Magic:  1/21       EV: 16    Int: 18    God:    Okawaru [*****.]
Gold:   741        SH:  0    Dex: 12    Spells: 12/24 levels left

rFire    . . .     SeeInvis .   a - +1 falchion (protect)
rCold    + . .     Gourm    .   u - +2 robe {rC+}
rNeg     + + +     Faith    .   (no shield)
rPois    ∞         Spirit   .   q - +2 helmet
rElec    .         Reflect  .   o - +0 cloak
rCorr    .         Harm     .   (no gloves)
MR       +....                  x - +1 pair of boots
Stlth    ++........             (no amulet)
Regen    0.3/turn               h - ring of fire
                                g - +2 ring of evasion

@: protection aura, very slightly contaminated
A: no food or potions, fire vulnerability, cold resistance 1, negative energy
resistance 3, torment resistance, unbreathing
a: Heroism, Finesse, Renounce Religion


You were on level 9 of the Dungeon.
You worshipped Okawaru.
Okawaru was extremely pleased with you.
You were not hungry.

You visited 3 branches of the dungeon, and saw 12 of its levels.

You collected 741 gold pieces.

Inventory:

Hand Weapons
 a - a +1 falchion of protection (weapon)
 b - a +5 battleaxe of freezing
 w - a +0 long sword
Armour
 o - a +0 cloak (worn)
 q - a +2 helmet (worn)
 u - a +2 robe of cold resistance (worn)
 x - a +1 pair of boots (worn)
Jewellery
 g - a +2 ring of evasion (left hand)
 h - a ring of fire (right hand)
 j - an uncursed ring of wizardry
Scrolls
 c - 5 scrolls of remove curse
 d - a scroll of random uselessness
 e - a scroll of identify
 f - 3 scrolls of enchant weapon
 i - a scroll of recharging
 k - a scroll of fog
 n - a scroll of fear
 s - 2 scrolls of magic mapping
 v - a scroll of teleportation


   Skills:
 - Level 4.6 Fighting
 + Level 11.9 Long Blades
 - Level 4.3 Dodging
 - Level 1.5 Stealth
 - Level 7.0 Spellcasting
 - Level 7.0 Necromancy


You had 12 spell levels left.
You knew the following spells:

 Your Spells              Type           Power        Failure   Level  Hunger
a - Pain                  Necr           ####         1%          1    N/A
b - Animate Dead          Necr           N/A          8%          4    N/A
c - Control Undead        Necr           ####......   8%          4    N/A
e - Vampiric Draining     Necr           ####......   1%          3    N/A

Dungeon Overview and Level Annotations

Branches:
Dungeon (9/15)             Temple (1/1) D:5            Lair (2/6) D:8
  Swamp: Lair:2-4    Shoals: Lair:2-4     Snake: Lair:2-4    Spider: Lair:2-4
    Orc: D:9-12

Altars:
Ashenzari
Cheibriados
Dithmenos
Elyvilon
Fedhas
Gozag
Hepliaklqana
Kikubaaqudgha
Makhleb
Nemelex Xobeh
Okawaru
Qazlal
Ru
Sif Muna
Uskayaw
Vehumet
Xom
Yredelemnul
Zin
The Shining One

Annotations:
D:2 1 exclusion
D:5 exclusion: downstairs
D:8 1 exclusion
D:9 Josephine


Innate Abilities, Weirdness & Mutations

You do not eat or drink.
Your flesh is vulnerable to fire.
You are immune to poison.
Your flesh is cold resistant. (rC+)
You are immune to negative energy. (rN+++)
You are immune to unholy pain and torment.
You can survive without breathing.


Message History

Your bullfrog zombie hits Josephine.
Josephine hits your bullfrog zombie with a dagger!
You barely miss Josephine.
Josephine is almost dead.
Your bullfrog zombie barely misses Josephine.
You barely miss Josephine.
Josephine is almost dead.
Josephine drinks a potion.
Josephine is healed!
Your bullfrog zombie barely misses Josephine.
You hit Josephine.
Josephine is severely wounded.
Your bullfrog zombie hits Josephine.
Josephine gestures at you while chanting.
You convulse!
* * * LOW HITPOINT WARNING * * *
Unknown command.
Something misses Josephine.
The wraith hits something.
Josephine casts a spell at you.
You convulse!
You die...

..# #...#####[............# ..##
#..........##...##..... ...#####
##.......#####...##.....
.......###.....#### #...##...>.
...............# #...#....#.
.##.###.<.....## ##.......##
.##.#####.....################.##
..##.###.......##.@W.............
.####.#.........@##Z.)...........
.## ##...........#######..######.
..####............# ..# #.
.............###..# z.# #.
..........#.## ##.# z.. ##
......<..#..# ##..# ..##
...........####(..# ..?
...........##.....# ..#
......##.....>....#


You could see Josephine and a wraith.

Vanquished Creatures
  2 two-headed ogres
  The ghost of Azzok the Thaumaturge, a novice DEEE of Vehumet (D:7)
  Pikel (D:7)
  2 black mambas
  2 spiny frogs
  A gargoyle (D:9)
  A komodo dragon (Lair:1)
  2 hippogriffs
  4 flying skulls (D:9)
  4 yaks
  A wraith (D:9)
  A wyvern (Lair:2)
  Eustachio (D:4)
  A basilisk (Lair:2)
  Menkaure (D:7)
  5 water moccasins (Lair:1)
  2 hell hounds (D:8)
  2 ice beasts (D:5)
  2 orc warriors
  2 porcupines (Lair:2)
  A black bear (D:9)
  A hornet zombie (D:9)
  A phantom (D:4)
  2 ogres
  5 centaurs
  A crocodile (Lair:1)
  7 bullfrogs
  A scorpion (D:4)
  2 howler monkeys
  A lava snake (D:8)
  3 crimson imps
  A centaur zombie (D:9)
  A bullfrog zombie (D:6)
  5 jellies
  A hound (D:6)
  Crazy Yiuf (D:7)
  2 centaur skeletons
  2 orc priests
  2 bullfrog skeletons (D:9)
  An iguana (D:9)
  10 orc wizards
  9 worker ants
  2 killer bee zombies (D:9)
  2 hound skeletons
  2 worker ant zombies (D:9)
  A howler monkey zombie (D:9)
  3 gnolls (D:4)
  8 adders
  A shadow imp (D:9)
  3 adder skeletons
  2 adder zombies
  2 worms
  A dart slug (D:1)
  5 leopard geckos
  30 orcs
  3 giant cockroaches
  5 goblins
  8 hobgoblins
  5 jackals
  3 quokkas
  6 bats
  4 frilled lizards
  A jackal skeleton (D:9)
  2 kobolds (D:2)
  A quokka skeleton (D:5)
  8 rats
  A fungus (Lair:2)
  A plant (Lair:2)
208 creatures vanquished.

Vanquished Creatures (collateral kills)
  A hydra (Lair:2)
  2 wraiths (D:9)
  A wight (D:9)
  2 bullfrog skeletons (D:9)
  An adder skeleton (D:9)
7 creatures vanquished.

Vanquished Creatures (others)
  A slave (D:7)
  A jelly (D:7)
  A hound zombie (D:7)
  A fungus (Lair:1)
4 creatures vanquished.

Grand Total: 219 creatures vanquished

Notes
Turn   | Place    | Note
-------+----------+-------------------------------------------
     0 | D:1      | Alarkh the Mummy Necromancer began the quest for the Orb.
     0 | D:1      | Reached XP level 1. HP: 13/13 MP: 4/4
   214 | D:1      | Reached XP level 2. HP: 19/19 MP: 4/6
   758 | D:2      | Noticed a hand axe
   759 | D:2      | Noticed a dagger
   761 | D:2      | Found a hide-covered altar of Uskayaw.
   904 | D:2      | Found a burning altar of Makhleb.
   928 | D:2      | Reached XP level 3. HP: 20/24 MP: 6/8
   933 | D:2      | Learned a level 3 spell: Vampiric Draining
  1603 | D:3      | Found an iron altar of Okawaru.
  1619 | D:3      | Became a worshipper of Warmaster Okawaru
  2025 | D:2      | Reached XP level 4. HP: 18/30 MP: 3/10
  2577 | D:2      | Reached skill level 5 in Necromancy
  2696 | D:3      | Learned a level 4 spell: Control Undead
  2734 | D:3      | Learned a level 4 spell: Animate Dead
  2810 | D:3      | Reached skill level 5 in Spellcasting
  2814 | D:3      | Reached XP level 5. HP: 25/35 MP: 0/12
  3358 | D:4      | Noticed a phantom
  3481 | D:4      | Found a sacrificial altar of Ru.
  3671 | D:4      | Noticed Eustachio
  3804 | D:4      | Killed Eustachio
  3804 | D:4      | Reached XP level 6. HP: 41/41 MP: 5/15
  4173 | D:4      | Reached * piety under Okawaru
  4257 | D:4      | Reached XP level 7. HP: 33/46 MP: 5/17
  4458 | D:4      | Reached skill level 1 in Fighting
  4810 | D:5      | Entered Level 5 of the Dungeon
  5544 | D:5      | Reached ** piety under Okawaru
  5544 | D:5      | Reached XP level 8. HP: 39/58 MP: 9/18
  5737 | D:5      | Found a deep blue altar of Sif Muna.
  5811 | D:5      | Found a staircase to the Ecumenical Temple.
  5882 | D:5      | Found a glowing golden altar of the Shining One.
  5971 | D:5      | Found a shadowy altar of Dithmenos.
  6126 | Temple   | Entered the Ecumenical Temple
  6697 | D:6      | Noticed a two-headed ogre
  6944 | D:6      | Reached skill level 1 in Long Blades
  7063 | D:6      | Reached skill level 2 in Long Blades
  7172 | D:6      | Reached skill level 3 in Long Blades
  7428 | D:6      | Identified a scroll of acquirement
  7482 | D:6      | Killed a two-headed ogre
  7482 | D:6      | Reached *** piety under Okawaru
  7482 | D:6      | Reached skill level 5 in Long Blades
  7482 | D:6      | Reached XP level 9. HP: 29/66 MP: 0/19
  7772 | D:7      | Found a hazy altar of Hepliaklqana.
  7815 | D:7      | Noticed Pikel
  7835 | D:7      | Killed Pikel
  7835 | D:7      | Reached **** piety under Okawaru
  7835 | D:7      | Reached skill level 6 in Long Blades
  7851 | D:7      | Noticed Azzok's ghost (novice DEEE)
  7922 | D:7      | Killed Azzok's ghost
  7922 | D:7      | Reached skill level 7 in Long Blades
  8000 | D:7      | Found a shattered altar of Ashenzari.
  8001 | D:7      | Noticed Menkaure
  8012 | D:7      | Killed Menkaure
  8138 | D:7      | Found a runed door.
  8313 | D:7      | Noticed Crazy Yiuf
  8328 | D:7      | Killed Crazy Yiuf
  8501 | D:8      | Reached skill level 8 in Long Blades
  8634 | D:8      | Reached XP level 10. HP: 71/73 MP: 9/20
  8866 | D:8      | Found a staircase to the Lair.
  9384 | Lair:1   | Entered Level 1 of the Lair of Beasts
  9473 | Lair:1   | Noticed a black mamba
  9482 | Lair:1   | Killed a black mamba
  9629 | Lair:1   | Reached skill level 9 in Long Blades
  9950 | Lair:1   | Noticed a spiny frog
  9966 | Lair:1   | Killed a spiny frog
  9966 | Lair:1   | Reached ***** piety under Okawaru
 10384 | Lair:1   | Reached skill level 10 in Long Blades
 10649 | Lair:2   | Noticed a spiny frog
 10663 | Lair:2   | Killed a spiny frog
 10717 | Lair:2   | Noticed a seven-headed hydra
 10722 | Lair:2   | Killed a seven-headed hydra
 10755 | Lair:2   | Noticed a black mamba
 10764 | Lair:2   | Killed a black mamba
 11009 | Lair:2   | Reached skill level 11 in Long Blades
 11040 | Lair:2   | Identified Vehumet's Volume of Confrontation
 11526 | D:9      | Noticed a two-headed ogre
 11545 | D:9      | Killed a two-headed ogre
 11545 | D:9      | Reached XP level 11. HP: 16/78 MP: 5/21
 12911 | D:9      | Noticed Josephine
 12934 | D:9      | Killed from afar by Josephine

Vault maps used:
D:1:      lemuel_arrival_rhombus
D:2:      dancing_weapons_uskayaw, overflow_temple_1_default, first_bread,
          lemuel_flame_loot_1
D:3:      okawaru_trees_1, minivault_4
D:4:      lemuel_round_altar, uniq_eustachio
D:5:      led_sif_book, lemuel_doored_altar, nicolae_dithmenos_the_darkroom,
          temple_statues
D:6:      minmay_opposing_rooms, grunt_tough_drop
D:7:      old_standard_altar, old_standard_altar, uniq_menkaure, uniq_pikel,
          uniq_crazy_yiuf_cottage
D:8:      minmay_lair_entry_lava, grunt_ogre_cave, kennysheep_opposing_triangles
D:9:      hangedman_screamer, kennysheep_little_box,
          minmay_orc_entry_temple_small
Temple:   bh_familiar_temple
Lair:1:   grunt_megastairs_1

Skill      XL: |  1  2  3  4  5  6  7  8  9 10 |
---------------+-------------------------------+-----
Spellcasting   | 3 4 5 6 7 |  7.0
Necromancy     | 5 6 7 |  7.0
Fighting       | 3 4 |  4.6
Dodging        | 3 4 |  4.3
Long Blades    | 5 8 11 | 11.9
Stealth        | |  1.5

Action                   |  1- 3 |  4- 6 |  7- 9 | 10-12 || total
-------------------------+-------+-------+-------+-------++-------
Melee: Unarmed           |     6 |       |       |       ||     6
       Dagger            |    19 |    14 |       |       ||    33
       Mace              |       |     1 |   121 |       ||   122
       Falchion          |       |       |   149 |   285 ||   434
       Punch             |       |       |     1 |       ||     1
       Battleaxe         |       |       |       |    42 ||    42
 Cast: Pain              |    76 |   126 |    96 |    93 ||   391
       Vampiric Draining |       |     1 |    36 |    42 ||    79
       Animate Dead      |       |     1 |       |       ||     1
       Control Undead    |       |       |       |     7 ||     7
Invok: Heroism           |       |       |     7 |     7 ||    14
  Use: Scroll            |     1 |     4 |     6 |     7 ||    18
 Stab: Sleeping          |       |       |     4 |     2 ||     6
       Distracted        |       |       |       |     1 ||     1
Armor: Robe              |    11 |     8 |    89 |   128 ||   236
Dodge: Dodged            |    42 |    57 |   286 |   278 ||   663
       Rpst.: Falchion   |       |       |    50 |    75 ||   125
